cohdb
Replays
Latest Replays
All Replays
Popular Replays
Top Player Replays
Match Explorer
How It Works
Community
CoH3 Stats
Reddit
Sign in to upload your games and track your stats! →
Sign in with Steam
Match 45797177
Unlisted
Match 45797177
Overview
Messages
Build Orders
End
Royal Engineer Section
Construct Section Command Post
Dingo Light Scout Car
Selects Heavy Armor Battlegroup
Infantry Section
Infantry Section
Infantry Section
Selects Rigorous Vehicle Training
Construct Platoon Command Post
Construct Platoon Command Post
Humber Armored Car
Grenade Package
Vickers Machine Gun Team
6-pounder Anti-tank Gun Team
Construct Company Command Post
Ober
DebaKLeTV
1st SubStar
ETZUMD
0
0
Comments
sign in to comment!
No comments posted yet!